[Event "Early-Titled-Tuesday-Blitz-November-28-2023"]
[Site "Chess.com"]
[Date "2023.11.28"]
[Round "3"]
[White "Zhigalko_Sergei"]
[Black "Aradhya2000"]
[Result "1-0"]
[WhiteElo "2908"]
[BlackElo "2688"]
[TimeControl "180+1"]
[EndTime "8:30:32 PST"]
[Termination "Zhigalko_Sergei won by checkmate"]

1. e4 e5 2. Nf3 Nc6 3. Bc4 Nf6 4.
d3 Bc5 5. O-O O-O 6. Nbd2 d6 7. c3 a5 8. h3 h6 9. Re1 Be6 10. Bb5 Nd7 11. Nf1 d5 12. Ng3 dxe4 13.
dxe4 Qf6 14. Qe2 Rfd8 15. Be3 a4 16. Bxc5 Nxc5 17. Qe3 Nd7 18. Red1 Nb6 19. Bxc6 Rxd1+ 20. Rxd1 bxc6 21. Qc5 Bxa2 22. Nxe5 Bb3 23. Rd4 Qg5 24. Nd3 Bc2 25. Nf5 Qf6 26. Ne5 Bxe4 27. Ne7+ Kh8 28. Rxe4 Rd8 29. N7xc6 Rd1+ 30. Kh2 Kh7 31. Qe3 Rd6 32.
Nd4 Nd5 33. Qf3 Qxf3 34. Nexf3 Rb6 35. Re2 Nf4 36. Rd2 c5 37. Nf5 Ne6 38. Ne3 Rb3 39. Nc4 Nc7 40. Nfe5 Nb5 41. Nxf7 a3 42. Nxa3 Nxa3 43.
bxa3 Rxc3 44. Rd7 Rxa3 45. Rc7 Rc3 46. Nd6 Kg8 47. f3 Rc2 48. Nf5 Kf8 49. Nxg7 c4 50.
Nf5 c3 51. Ne3 Rc1 52. Kg3 Ke8 53. Nd5 c2 54. Nb4 Kd8 55. Rxc2 Rb1 56. Rd2+ Ke7 57. Nd5+ Ke6 58. Nf4+ Ke5 59. Rd5+ Kf6 60. Rd6+ Kg7 61. h4 Rb4 62. Rc6 Ra4 63. Rc7+ Kf6 64. Rh7 Kf5 65.
Rxh6 Rb4 66. Rh5+ Kf6 67. Nd5+ Kg6 68. Rg5+ Kh6 69. Nxb4 Kh7 70. Kf4 Kh6 71. Kf5 Kh7 72.
Kf6 Kh6 73. Kf7 Kh7 74. Rh5# 1-0

[Event "Early-Titled-Tuesday-Blitz-November-28-2023"]
[Site "Chess.com"]
[Date "2023.11.28"]
[Round "3"]
[White "Aslanov_Umid"]
[Black "HanSchut"]
[Result "1-0"]
[WhiteElo "2511"]
[BlackElo "2298"]
[TimeControl "180+1"]
[EndTime "8:30:32 PST"]
[Termination "Aslanov_Umid won by resignation"]

1. e4 c5 2. Nf3 d6 3. d4 cxd4 4.
Nxd4 Nf6 5. Nc3 a6 6. Bc4 e6 7. Bb3 b5 8. O-O b4 9. Na4 Bd7 10. Re1 Nc6 11. Be3 Rb8 12. c3 Be7 13. cxb4 Rxb4 14.
Nc3 O-O 15. Rc1 Ne5 16. Qe2 Qa8 17. f3 Rc8 18. Red1 Nc4 19. Bxc4 Rbxc4 20. Bg5 h6 21. Bh4 Qa7 22. Bf2 Qb7 23. Nb3 Rb4 24. Bd4 Bb5 25.
Nxb5 Rxb5 26. Bc3 d5 27. Nd4 Rbc5 28. e5 Nd7 29. f4 Rc4 30. f5 Bc5 31. Qe3 Bxd4 32.
Bxd4 Rxc1 33. Rxc1 Rxc1+ 34. Qxc1 exf5 35. Qf4 g6 36. e6 fxe6 37. Qxh6 Kf7 38. Qg7+ Ke8 39. Qxg6+ Kd8 40.
Qxe6 Qb4 41. Bf6+ Kc7 42. Be5+ Kd8 43. Bc3 Qc4 44. h3 Nc5 45. Qd6+ Ke8 46. Qc6+ Kf7 47. Qf6+ Ke8 48. Qxf5 Ne4 49. Qe5+ Kd7 50. Qf5+ Kc6 51.
Qc8+ Kb5 52. Qxc4+ Kxc4 53. h4 Nxc3 54. bxc3 Kxc3 55. h5 d4 56. h6 d3 57. h7 d2 58.
h8=Q+ Kc2 59. Qd8 d1=Q+ 60. Qxd1+ Kxd1 61. g3 Kc2 62. g4 Kb2 63. g5 Kxa2 64. g6 a5 65. g7 a4 66. g8=Q+ Kb2 67. Qb8+ Ka2 68. Qh2+ Kb3 69. Qg3+ Kb2 70. Qf2+ Ka1 71. Qe3 Ka2 72.
Qd2+ Kb3 73. Qd1+ Ka3 74. Qa1+ Kb3 75. Kf2 a3 76. Ke2 a2 77. Kd3 1-0

[Event "Early-Titled-Tuesday-Blitz-November-28-2023"]
[Site "Chess.com"]
[Date "2023.11.28"]
[Round "3"]
[White "Auger_Pi"]
[Black "krucki03"]
[Result "0-1"]
[WhiteElo "2606"]
[BlackElo "2476"]
[TimeControl "180+1"]
[EndTime "8:30:33 PST"]
[Termination "krucki03 won by resignation"]

1. e4 e5 2. Nf3 Nc6 3. Bc4 Nf6 4. d3 Bc5 5. c3 O-O 6. O-O d6 7. Re1 h6 8. h3 a5 9. d4 Ba7 10. Bb3 Re8 11. Bc2 Bd7 12. a3 a4 13. d5 Na5 14. Bxa4 b5 15. Bc2 Qc8 16. Kh2 Bxf2 17. Rf1 Bb6 18. Nbd2 c6 19. b4 Nc4 20. Nxc4 bxc4 21. dxc6 Bxc6 22. Qe2 Qb7 23. Re1 d5 24. Nd2 Rac8 25. a4 dxe4 26. Nxc4 Bd5 27. Nxb6 Qxb6 28. Be3 Qc7 29. Bc5 Nd7 30. Bxe4 Bxe4 31. Qxe4 Nxc5 32. bxc5 Qxc5 33. a5 Ra8 34. a6 Qxc3 35. Ra4 Ra7 36.
Rf1 Qb3 37. Rf5 Qb6 38. Rxe5 Qd6 39. Ra5 Rxa6 40. Rd5 Qb8 41. Qf4 Rxe5 42. Rxe5 Re6 43. Rf5 Qxf4+ 44. Rxf4 g5 45. Rb4 Kg7 46. h4 Kg6 47.
hxg5 hxg5 48. Rb5 Ra6 49. Rc5 f6 50. Rb5 Kh5 51. Rc5 Kg4 52. Rb5 f5 53. Rc5 Re6 54. Rc4+ Re4 55. Rc3 Ra4 56. Rb3 f4 57. Rc3 Re4 58. Rb3 Re3 59. Rb2 Kh4 60. Rb4 Re2 61.
Kg1 Ra2 62. Rb3 g4 63. Rd3 Re2 64. Rc3 Re3 65. Rc4 Kg3 66. Rc2 Ra3 67. Rc1 Ra2 68. Rc3+ f3 69. gxf3 gxf3 70. Rc1 Rg2+ 71. Kh1 Rh2+ 72.
Kg1 f2+ 73. Kf1 Rh1+ 74. Ke2 Rxc1 0-1

[Event "Early-Titled-Tuesday-Blitz-November-28-2023"]
[Site "Chess.com"]
[Date "2023.11.28"]
[Round "3"]
[White "Pendos666"]
[Black "vi_pranav"]
[Result "1/2-1/2"]
[WhiteElo "2801"]
[BlackElo "3062"]
[TimeControl "180+1"]
[EndTime "8:30:38 PST"]
[Termination "Game drawn - insufficient material"]

1. e4 e5 2. Nf3 Nc6 3. Bb5 a6 4. Ba4 Nf6 5. Qe2 d6 6. c3 Be7 7. O-O O-O 8. Rd1 Re8 9. d4 exd4 10. cxd4 Bf8 11. e5 Nd5 12. Nc3 Nxc3 13. bxc3 d5 14. Bc2 f5 15. Ng5 Qe7 16. Qf3 Nd8 17.
Qxd5+ Kh8 18. Rd3 h6 19. Bb3 Ne6 20. Nxe6 Bxe6 21. Qxe6 Qxe6 22. Bxe6 Rxe6 23. f4 Rc6 24. Be3 Rc4 25. d5 Kg8 26. Kf2 Rd8 27. Rb1 b5 28. Rbd1 Kf7 29. Kf3 Ra4 30. h3 h5 31.
R1d2 h4 32. Rc2 Be7 33. Rd4 Ra3 34. Ke2 g6 35. Rd3 Ra4 36. c4 Rxc4 37. Rxc4 bxc4 38. Rc3 Rxd5 39. Rxc4 Bd8 40. a4 g5 41. fxg5 Rxe5 42.
Kf3 a5 43. Bf4 Re7 44. Rc5 Kg6 45. Rxa5 Re6 46. Rd5 Bxg5 47. Bxg5 Kxg5 48. a5 Re4 49. Rc5 Ra4 50. Rxc7 Ra3+ 51. Kf2 Rxa5 52. Rc4 Re5 53. Kg1 Re4 54. Rc3 Kf4 55. Kf2 Rd4 56. Rc2 Kg5 57. Rb2 Rf4+ 58. Ke3 Re4+ 59. Kf3 Rf4+ 60. Ke3 Rf1 61. Rb4 Ra1 62. Kf2 Ra2+ 63. Kf3 Ra3+ 64.
Kf2 Ra2+ 65. Kf3 Ra1 66. Kf2 Rc1 67. Kf3 Rc3+ 68. Kf2 Rd3 69. Ra4 Rc3 70. Rb4 Ra3 71. Rc4 Ra8 72. Rb4 Re8 73. Rc4 Re4 74. Rxe4 fxe4 75.
g3 hxg3+ 76. Kxg3 e3 77. Kf3 Kh4 78. Kxe3 Kxh3 1/2-1/2

[Event "Early-Titled-Tuesday-Blitz-November-28-2023"]
[Site "Chess.com"]
[Date "2023.11.28"]
[Round "3"]
[White "BogdanDeac"]
[Black "A-Fier"]
[Result "1-0"]
[WhiteElo "2994"]
[BlackElo "2747"]
[TimeControl "180+1"]
[EndTime "8:30:38 PST"]
[Termination "BogdanDeac won on time"]

1. d4 Nf6 2. Nf3 c5 3. d5 e6 4.
Nc3 exd5 5. Nxd5 Nxd5 6. Qxd5 Nc6 7. e4 d6 8. c3 Be6 9. Qh5 Be7 10. Ng5 Bxg5 11.
Qxg5 Qxg5 12. Bxg5 d5 13. exd5 Bxd5 14. Be3 b6 15.
O-O-O O-O-O 16. Ba6+ Kb8 17. Bf4+ Ka8 18. Bc7 Rd7 19.
Rhe1 Nb8 20. Bb5 Rxc7 21. Rxd5 Kb7 22. Rd6 c4 23. Rd4 Rhc8 24. Ree4 f5 25. Rf4 Rc5 26. Ba4 g5 27. Rf3 Nc6 28. Rd7+ Rc7 29. Rxc7+ Kxc7 30. Bc2 Ne7 31. Rh3 Re5 32. Rxh7 Kd6 33. Kd2 a5 34. Rh6+ Kc5 35. g3 b5 36. Rh5 g4 37. h3 gxh3 38.
Rxh3 b4 39. Rh5 bxc3+ 40. bxc3 Kd6 41. Rh6+ Kc5 42. Ra6 Kb5 43. Rd6 Kc5 44. Rd4 Re6 45.
Rf4 Re5 46. Rd4 Re6 47. Bd1 Rb6 48. Kc2 Re6 49. Kd2 Rb6 50. Kc1 Re6 51. Bf3 Re1+ 52.
Rd1 Re5 53. Kd2 Re6 54. Re1 Rd6+ 55. Kc2 Ng6 56. Re8 f4 57. g4 Nh4 58. Be4 f3 59.
Rc8+ Kb5 60. a4+ Kxa4 61. Rxc4+ Kb5 62. Bd3 Kb6 63. g5 Ng2 64. Rd4 Re6 65. Be4 Kc5 66. Kd2 a4 67. Rxa4 Rd6+ 68. Rd4 Ra6 69. Rd5+ Kc4 70. Bd3+ Kxd5 71. Bxa6 Nf4 72. Bd3 1-0

[Event "Early-Titled-Tuesday-Blitz-November-28-2023"]
[Site "Chess.com"]
[Date "2023.11.28"]
[Round "3"]
[White "Iball95"]
[Black "elmusmolamas"]
[Result "0-1"]
[WhiteElo "2844"]
[BlackElo "2604"]
[TimeControl "180+1"]
[EndTime "8:30:43 PST"]
[Termination "elmusmolamas won by checkmate"]

1. e4 c5 2. Nf3 d6 3. Nc3 e5 4.
Bc4 Nc6 5. d3 Be6 6. h3 Be7 7.
Nh2 a6 8. a4 Qd7 9. Ng4 Nf6 10.
Ne3 Nb4 11. Ncd5 Nbxd5 12. Nxd5 Nxd5 13. Bxd5 O-O 14. O-O Bxd5 15. exd5 f5 16. c3 Bf6 17.
Re1 Rae8 18. a5 Qd8 19. Ra2 Bg5 20. b4 Bxc1 21. Qxc1 cxb4 22. cxb4 Qh4 23. Qc4 Qxc4 24. dxc4 Rc8 25. Rc2 Rfd8 26. f4 e4 27. Kf2 Kf7 28. Ke3 Ke7 29. Kd4 Kd7 30. g4 g6 31. Rg1 Rg8 32. Rcg2 Rcf8 33. gxf5 Rxf5 34. Kxe4 Re8+ 35. Kf3 Rc8 36. Rc1 Rxd5 37. Re2 Rd3+ 38. Re3 Rxe3+ 39. Kxe3 d5 40. c5 Re8+ 41. Kd4 Kc6 42. Rf1 Re4+ 43. Kc3 Re3+ 44. Kd4 Re4+ 45. Kc3 Re3+ 46. Kd4 Rxh3 47. f5 Rh4+ 48. Kc3 Rc4+ 49. Kb3 gxf5 50. Rxf5 Kb5 51. Rxd5 Rxb4+ 52. Kc3 Rc4+ 53. Kb3 Rxc5 54. Rd7 Kc6 55. Rxh7 Rxa5 56. Kb4 Rb5+ 57. Kc4 Rc5+ 58.
Kb4 Rd5 59. Rh6+ Rd6 60. Rh5 Rd4+ 61. Kc3 Re4 62. Rh6+ Kb5 63. Rh5+ Kb6 64. Kd3 Rg4 65. Kc3 a5 66. Rh6+ Kb5 67. Kb3 b6 68. Rh5+ Ka6 69.
Rh6 Rg3+ 70. Ka4 Rg4+ 71. Kb3 a4+ 72. Ka3 Ka5 73. Rh8 Rg3+ 74. Kb2 b5 75. Rh4 a3+ 76. Ka2 b4 77. Rg4 Rxg4 78. Kb3 Rg3+ 79. Ka2 Rg2+ 80.
Ka1 b3 81. Kb1 Rg1# 0-1

[Event "Early-Titled-Tuesday-Blitz-November-28-2023"]
[Site "Chess.com"]
[Date "2023.11.28"]
[Round "3"]
[White "chess_blitz00"]
[Black "Lion-Al-Messi"]
[Result "1/2-1/2"]
[WhiteElo "2505"]
[BlackElo "2652"]
[TimeControl "180+1"]
[EndTime "8:30:47 PST"]
[Termination "Game drawn - insufficient material"]

1. d4 Nf6 2. Nf3 b6 3. g3 Bb7 4. Bg2 e6 5. O-O Be7 6. Nbd2 c5 7. c3 O-O 8. Re1 Ne4 9. Ng5 Nxf2 10. Qc2 Bxg5 11.
Bxb7 Ng4 12. Nf3 Bxc1 13. Qxc1 Nc6 14. Bxa8 Qxa8 15. dxc5 bxc5 16. Qg5 f5 17. Rad1 h6 18. Qc1 d5 19. e3 Nf6 20. c4 Nb4 21. cxd5 Nfxd5 22. Qxc5 Nxa2 23. Qd6 Re8 24. e4 Ndb4 25. Ne5 Qb7 26.
Qd7 Qxd7 27. Rxd7 a5 28. exf5 exf5 29. Nf3 Re4 30. Rxe4 fxe4 31. Nd2 e3 32. Nc4 e2 33. Kf2 Nc1 34. Ne5 Kf8 35. Rc7 Nb3 36. Kxe2 Nd4+ 37. Kf2 g5 38. Ng6+ Ke8 39. Re7+ Kd8 40. Rh7 Nf5 41. g4 Nd6 42. Rxh6 Ne4+ 43. Ke3 Nf6 44. Ne5 Ke7 45. h3 Ke6 46. Nd3 Nd5+ 47. Kd4 Kf7 48.
Ne5+ Kg7 49. Rg6+ Kh7 50. Rxg5 Nf4 51. Rf5 Ne6+ 52. Kc4 Ne4 53. Nf3 Nd6+ 54. Kd5 Nxf5 55. Kxe6 Ne3 56. h4 a4 57. g5 Nc4 58. Kf7 Nd6+ 59.
Kf6 Nc4 60. Kf7 Ne5+ 61. Ke6 Nxf3 62. h5 Nxg5+ 63. Kd5 Nf3 64. Kc4 Ne5+ 65. Kb4 Nd3+ 66. Kxa4 Nxb2+ 67. Kb3 Nd3 68. h6 Nf4 69. Kc4 Ng6 70.
Kd4 Nf8 71. Ke4 Nd7 72. Ke3 Nf6 73. Kf2 Nh5 74. Kg2 Nf4+ 75. Kh2 Kg6 76. Kh1 Nh5 77. Kg1 Nf6 78. Kf1 Nh7 79. Kf2 Kf5 80. Kg3 Kg5 81.
Kf3 Kg6 82. Kf4 Nf6 83. Ke5 Ng4+ 84. Ke6 Kh7 85. Ke7 Ne3 86. Kf7 Nf5 87. Kf6 Nd6 88. Ke7 Nf5+ 89. Kf7 Nxh6+ 1/2-1/2

[Event "Early-Titled-Tuesday-Blitz-November-28-2023"]
[Site "Chess.com"]
[Date "2023.11.28"]
[Round "3"]
[White "Grischuk"]
[Black "Abund"]
[Result "1-0"]
[WhiteElo "3060"]
[BlackElo "2790"]
[TimeControl "180+1"]
[EndTime "8:30:48 PST"]
[Termination "Grischuk won by checkmate"]

1. d4 Nf6 2. c4 e6 3. Bg5 Bb4+ 4. Nd2 c5 5. a3 Bxd2+ 6. Qxd2 cxd4 7. Nf3 Nc6 8. Nxd4 h6 9. Bh4 d5 10. cxd5 Qxd5 11. Bxf6 gxf6 12. Nxc6 Qxc6 13. Rc1 Qe4 14.
f3 Qe5 15. g3 Bd7 16. Bg2 Rd8 17. f4 Qb5 18. Qe3 Qxb2 19. Kf2 Qb6 20. Qxb6 axb6 21.
Rc7 Bc6 22. Bxc6+ bxc6 23. Rxc6 O-O 24. Rxb6 Rd2 25. Ra1 Rc8 26. Rb3 Rcc2 27. Re3 f5 28. Re5 Kg7 29. a4 Kf6 30. a5 Ra2 31. Rxa2 Rxa2 32. Rb5 h5 33. Kf3 Ra3+ 34. e3 Ra2 35.
h3 Kg6 36. g4 hxg4+ 37. hxg4 fxg4+ 38. Kxg4 f5+ 39. Kf3 Kf6 40. Re5 Kf7 41. Rc5 Kf6 42. Rb5 Kg6 43. Rb6 Kf7 44. Ra6 Kf6 45. Ra8 Kg7 46. a6 Kh7 47. Kg3 Kg7 48. Kh4 Rh2+ 49. Kg3 Ra2 50. Kf3 Ra3 51. Ke2 Kf7 52. a7 Kg7 53. Kd2 Kh7 54. Kc2 Kg7 55. Kb2 Ra6 56. Kc3 Ra4 57. Kb3 Ra1 58. Kb4 Kh7 59. Kc5 Kg7 60. Kd6 Ra6+ 61. Ke7 Kh7 62. Kf7 Ra3 63. Kxe6 Rxe3+ 64. Kxf5 Re7 65. Rh8+ Kxh8 66. a8=Q+ Kg7 67.
Kg5 Rf7 68. f5 Kh7 69. Qe8 Rf8 70. Qe7+ Kg8 71. Kg6 Kh8 72. Qg7# 1-0

[Event "Early-Titled-Tuesday-Blitz-November-28-2023"]
[Site "Chess.com"]
[Date "2023.11.28"]
[Round "3"]
[White "VitaliyChayka"]
[Black "IamSchrodingersCat"]
[Result "1-0"]
[WhiteElo "2429"]
[BlackElo "2570"]
[TimeControl "180+1"]
[EndTime "8:30:49 PST"]
[Termination "VitaliyChayka won on time"]

1. d4 Nf6 2. Bf4 g6 3. e3 Bg7 4.
h3 O-O 5. Nf3 d6 6. Be2 Nc6 7.
O-O Nd7 8. Bh2 e5 9. c4 exd4 10. exd4 Re8 11. Nc3 Nf6 12. Bd3 a6 13. a3 Nh5 14.
Bc2 Bd7 15. Qd2 Qf6 16. Nd5 Qd8 17. Rfe1 Be6 18. Ne3 Bd7 19. Rad1 Bh6 20. Qc3 Nf4 21. b4 Rc8 22. Bb3 Qf6 23. b5 Ne7 24. Bxf4 Qxf4 25.
bxa6 bxa6 26. Nd5 Nxd5 27. cxd5 Bg7 28. Rxe8+ Rxe8 29. Rd3 Bf5 30. Re3 Rxe3 31. Qxe3 Qxe3 32. fxe3 Kf8 33. Nd2 h5 34. Kf2 Ke7 35. Kf3 Bd7 36.
Bc4 a5 37. Nb3 a4 38. Na5 g5 39. Nc6+ Bxc6 40. dxc6 f5 41. Bb5 d5 42. Bxa4 Ke6 43.
Bb5 Bf8 44. a4 Bb4 45. Bd3 Kf6 46. Ke2 Ba5 47. Kd1 g4 48. hxg4 hxg4 49. g3 Kg5 50.
Be2 Kf6 51. Bd3 Ke6 52. Kc2 Be1 53. Kb3 Ba5 54. Ba6 Kf6 55. Bc8 Be1 56. Bd7 Ba5 57. Be8 Ke7 58. Bd7 Kf6 59. Kc2 Bb4 60. Kd3 Ba5 61. Ke2 Bb4 62. Kd3 Ba5 63. Kc2 Bb4 64. Kd1 Ba5 65. Ke2 Bb4 66. Bc8 Ba5 67. Ba6 Ke6 68.
Bd3 Bb4 69. Bb1 Ba5 70. Bc2 Bb4 71. Bd3 Ba5 72. Ba6 Kf6 73. Bc8 Bb4 74. e4 fxe4 75.
Bxg4 Kg5 76. Be6 Bc3 77. Ke3 1-0

[Event "Early-Titled-Tuesday-Blitz-November-28-2023"]
[Site "Chess.com"]
[Date "2023.11.28"]
[Round "3"]
[White "Alexchess1984"]
[Black "vugarrasulov"]
[Result "1/2-1/2"]
[WhiteElo "2709"]
[BlackElo "2917"]
[TimeControl "180+1"]
[EndTime "8:30:51 PST"]
[Termination "Game drawn - insufficient material"]

1. e4 e5 2. d4 exd4 3. Qxd4 Nc6 4. Qd3 Nf6 5. Nc3 Bb4 6. Bd2 O-O 7. O-O-O Re8 8. f3 d6 9. g4 Be6 10. h4 Ne5 11.
Qe3 Bc5 12. Qf4 c6 13. h5 Nfd7 14. Qg3 b5 15. f4 Bxg4 16. Re1 Qb6 17. fxe5 Nxe5 18.
Nh3 a5 19. Be2 Bxh3 20. Qxh3 a4 21. Nd1 b4 22. Be3 b3 23. a3 bxc2 24. Kxc2 Qb3+ 25. Kc1 Bxa3 26. Bd4 Bb4 27. Qxb3 axb3 28. Nc3 Nd7 29.
Bc4 c5 30. Be3 Rxe4 31. Bxb3 Ra1+ 32. Kc2 Rxe1 33. Rxe1 c4 34. Ba2 Bxc3 35. bxc3 h6 36. Kd2 Ne5 37. Re2 d5 38. Bb1 Nf3+ 39. Kd1 Rh4 40.
Bf2 Rh1+ 41. Kc2 Rh2 42. Kb2 g5 43. Bc2 g4 44. Bd1 Kg7 45. Bd4+ Kf8 46. Rxh2 Nxh2 47.
Be5 Nf3 48. Bxf3 gxf3 49. Bg3 Ke7 50. Kc2 Kf6 51. Kd2 Kg5 52. Ke3 Kxh5 53. Kxf3 Kg5 54.
Bf2 Kf5 55. Bd4 h5 56. Kg3 Kg5 57. Kh3 f5 58. Kg3 f4+ 59. Kf3 Kf5 60. Bf2 Ke5 61.
Bd4+ Kf5 62. Bc5 h4 63. Kg2 Kg4 64. Bd4 h3+ 65. Kh2 Kh4 66. Bf2+ Kg4 67. Be1 d4 68.
cxd4 f3 69. d5 c3 70. d6 c2 71. d7 c1=Q 72. d8=Q Qc2+ 73. Bd2 Qg6 74. Qd4+ Kh5 75. Qe5+ Kh4 76. Qf4+ Qg4 77. Qh6+ Qh5 78. Be1+ Kg4 79.
Qe6+ Qf5 80. Qxf5+ Kxf5 81. Kxh3 f2 82. Bxf2 1/2-1/2

[Event "Early-Titled-Tuesday-Blitz-November-28-2023"]
[Site "Chess.com"]
[Date "2023.11.28"]
[Round "3"]
[White "MatthewG-p4p"]
[Black "Franmu14"]
[Result "1/2-1/2"]
[WhiteElo "2941"]
[BlackElo "2727"]
[TimeControl "180+1"]
[EndTime "8:30:52 PST"]
[Termination "Game drawn by repetition"]

1. e4 e5 2. Nf3 Nc6 3. d4 exd4 4. Nxd4 d6 5. Nc3 Bd7 6. Bc4 g6 7. O-O Bg7 8. Be3 Nf6 9. f3 O-O 10. a4 a6 11. Qd2 Re8 12. Rad1 Rb8 13. Bg5 Ne5 14.
Ba2 c5 15. Nde2 Be6 16. Qxd6 Qxd6 17. Rxd6 Bxa2 18. Nxa2 Nc4 19. Rxf6 h6 20. Bh4 g5 21. Rf5 gxh4 22. Rxc5 Nxb2 23. a5 Rbc8 24. Rxc8 Rxc8 25. c3 Nc4 26. Rd1 Nxa5 27. Rd7 Rb8 28. Kf2 Nc4 29.
f4 b5 30. e5 a5 31. Nd4 b4 32. cxb4 axb4 33. Nb3 Bf8 34. Rd4 Na5 35. Rd3 Nxb3 36. Rxb3 Ra8 37. Nc1 Rc8 38. Nd3 Rc2+ 39. Kf3 h3 40.
gxh3 Rxh2 41. Kg3 Re2 42. Nxb4 Bxb4 43. Rxb4 Kg7 44. Kg4 Re3 45. Rb7 h5+ 46. Kxh5 Rxh3+ 47. Kg5 Rg3+ 48. Kf5 Re3 49. Kg4 Re1 50. Re7 Kg6 51. Ra7 Re4 52. Ra6+ Kg7 53. Kg5 Re1 54. Ra7 Re2 55.
Ra5 Rg2+ 56. Kf5 Re2 57. Kg4 Rg2+ 58. Kh4 Re2 59. f5 Rg2 60. Ra7 Kg8 61. Kh5 Rg1 62.
Ra4 Kf8 63. Ra8+ Kg7 64. f6+ Kh7 65. Rf8 Rh1+ 66. Kg5 Rg1+ 67. Kf5 Rf1+ 68. Ke4 Kg6 69. Rg8+ Kh5 70. Rg7 Re1+ 71. Kd5 Rd1+ 72. Kc5 Re1 73. Kd6 Rd1+ 74. Ke7 Re1 75. Kxf7 Rxe5 76. Rg2 Kh6 77. Kf8 Ra5 78. f7 Ra8+ 79. Ke7 Ra7+ 80. Ke6 Ra6+ 81.
Ke5 Ra5+ 82. Kd6 Ra6+ 83. Kd5 Ra5+ 84. Ke6 Ra6+ 85. Kf5 Ra5+ 86. Kf6 Ra6+ 87. Ke7 Ra7+ 88. Ke8 Ra8+ 89. Kd7 Ra7+ 90. Ke6 Ra6+ 1/2-1/2

[Event "Early-Titled-Tuesday-Blitz-November-28-2023"]
[Site "Chess.com"]
[Date "2023.11.28"]
[Round "3"]
[White "Boundless_Strike"]
[Black "JoliyRoger"]
[Result "1-0"]
[WhiteElo "2677"]
[BlackElo "2499"]
[TimeControl "180+1"]
[EndTime "8:30:53 PST"]
[Termination "Boundless_Strike won by resignation"]

1. d4 Nf6 2. f3 c5 3. d5 e6 4. c4 exd5 5. cxd5 d6 6. Nc3 g6 7.
e4 Bg7 8. Nge2 O-O 9. Ng3 h5 10. h4 a6 11. a4 Nbd7 12. Bg5 Rb8 13. Qd2 Qa5 14. Ra3 Ne5 15. Be2 Bd7 16. O-O Qc7 17. Bh6 b5 18. axb5 axb5 19. Raa1 c4 20. Bxg7 Kxg7 21. Qg5 Qd8 22. Nd1 Kh7 23. Ne3 Ng8 24. Qxd8 Rfxd8 25. f4 Ng4 26. Bxg4 Bxg4 27. Ra7 Rd7 28.
Rfa1 Rbb7 29. Ra8 Nf6 30. R8a6 Kg7 31. Nef1 Ne8 32. Nd2 Rdc7 33. Ra8 Re7 34. R8a6 Red7 35. Kf2 Kf8 36. Ke3 Rdc7 37. Kd4 Bd7 38. Ra8 Ke7 39. e5 Ng7 40. Nde4 dxe5+ 41. fxe5 Rc8 42. d6+ Kd8 43.
Rxc8+ Bxc8 44. Ra8 Ne6+ 45. Ke3 Kd7 46. Nf6+ Kd8 47.
d7 Rxd7 48. Nxd7 Kxd7 49. Ne4 Bb7 50. Ra7 Kc6 51. Nd6 Nd8 52. Kf4 b4 53. Nxc4 Kb5 54.
Nd6+ Kb6 55. Ra1 Bd5 56. g3 Be6 57. Ra8 Nc6 58. Rf8 Nd4 59. Nxf7 Ne2+ 60. Kg5 Nxg3 61. Nd8 Ne4+ 62. Kxg6 Bc4 63. e6 Nd6 64. e7 Kc5 65.
e8=Q Nxe8 66. Rxe8 Bd3+ 67. Kf6 Be2 68. Ne6+ Kc4 69. Nf4 Bg4 70. Re3 b3 71. Kg5 Bd1 72. Nxh5 Kd4 73. Rg3 Ke5 74. Nf4 Bc2 75. Re3+ Kd4 76.
Re1 Kc4 77. h5 Kd4 78. h6 Bh7 79. Re7 Be4 80. Ng6 1-0

[Event "Early-Titled-Tuesday-Blitz-November-28-2023"]
[Site "Chess.com"]
[Date "2023.11.28"]
[Round "3"]
[White "Rsnr"]
[Black "WPWPWP-2015"]
[Result "1-0"]
[WhiteElo "2928"]
[BlackElo "2525"]
[TimeControl "180+1"]
[EndTime "8:30:55 PST"]
[Termination "Rsnr won by resignation"]

1. d4 d5 2. c4 c6 3. Nf3 Nf6 4. Qc2 dxc4 5. Qxc4 Bf5 6. Nc3 e6 7. g3 Nbd7 8. Bg2 Be7 9. O-O O-O 10. Re1 Ne4 11. Qb3 Qc8 12. Nh4 Bxh4 13. Nxe4 Be7 14. Bf4 Bxe4 15. Bxe4 Nf6 16. Bf3 Nd5 17. Bd2 a5 18. e4 a4 19. Qc4 Nb6 20. Qc2 Rd8 21. Be3 Nd7 22. Rac1 e5 23. dxe5 Nxe5 24. Be2 Re8 25.
Rcd1 Qe6 26. a3 Ng4 27. Bf4 Nf6 28. f3 Bd8 29. Kg2 Bb6 30. Bc4 Qc8 31. e5 Nd5 32.
Bxd5 cxd5 33. Qxc8 Raxc8 34. Rxd5 Rc2+ 35. Rd2 Rxd2+ 36. Bxd2 Bd4 37. Bc3 Bxc3 38. bxc3 Rc8 39. Re3 Rd8 40.
Re4 b5 41. Rb4 Rd2+ 42. Kh3 Kf8 43. Rxb5 Ra2 44. f4 Rxa3 45. c4 g6 46. Ra5 Ke7 47.
Ra7+ Ke6 48. Ra6+ Kd7 49. Kg4 h6 50. f5 gxf5+ 51. Kxf5 Ra2 52. Ra7+ Ke8 53. h4 a3 54. Kf6 Rf2+ 55. Kg7 Rf3 56. g4 Rf4 57. g5 h5 58. Rxa3 Rxh4 59. Ra8+ Ke7 60. Ra7+ Ke6 61. Rxf7 Rxc4 62. g6 h4 63. Rf3 Kxe5 64. Kh7 Ke4 65. Rh3 Kf5 66. g7 Kg4 67. g8=Q+ Kxh3 68. Qxc4 Kg3 69.
Qd3+ Kg2 70. Qe4+ Kg3 71. Qe3+ Kg2 72. Qf4 h3 73. Qg4+ Kh2 74. Kg6 Kh1 75. Qxh3+ Kg1 76. Qf3 Kh2 77. Qg4 Kh1 78. Kf5 1-0

[Event "Early-Titled-Tuesday-Blitz-November-28-2023"]
[Site "Chess.com"]
[Date "2023.11.28"]
[Round "3"]
[White "szachuspl"]
[Black "sokidze"]
[Result "1/2-1/2"]
[WhiteElo "2521"]
[BlackElo "2744"]
[TimeControl "180+1"]
[EndTime "8:30:57 PST"]
[Termination "Game drawn by stalemate"]

1. d4 d5 2. c4 e6 3. Nc3 a6 4. e4 dxe4 5. Nxe4 Bb4+ 6. Bd2 Qxd4 7. Bxb4 Qxe4+ 8. Be2 Nc6 9. Bc3 Qxg2 10. Bf3 Qg6 11. Ne2 Nf6 12. Rg1 Qh6 13. Bxc6+ bxc6 14. Qd4 Nd7 15.
Rxg7 e5 16. Qg4 Nf6 17. Qg3 Be6 18. Rd1 Ne4 19. Qxe5 Nxc3 20. Nxc3 Rd8 21. Rxd8+ Kxd8 22. Rxf7 Qc1+ 23. Nd1 Bxf7 24. Qxh8+ Kd7 25. b3 Qh6 26. Qd4+ Kc8 27. Qe5 Kb7 28. Ne3 Qg6 29. Qf5 Qg1+ 30. Ke2 Bg6 31. Qe5 Qb1 32. Kf3 Qxa2 33. b4 Qb1 34.
Qc5 Qe4+ 35. Kg3 Qe6 36. h3 Qf6 37. Ng4 Qe6 38. Ne5 Bf5 39. h4 h5 40. f3 Qg8+ 41.
Kf4 Qe6 42. Qxc6+ Qxc6 43. Nxc6 Be6 44. Ne5 c5 45. bxc5 a5 46. Ke3 Kc7 47. Kd4 Bf5 48. f4 Kd8 49. c6 Kc7 50. Kc5 Bc2 51. Kb5 a4 52. Kb4 Kd6 53. c5+ Kc7 54. Ka3 Kc8 55. Nc4 Kc7 56. Na5 Kc8 57. Kb4 Kc7 58. Kc3 Bf5 59.
Kb4 Bc2 60. f5 Bxf5 61. Kxa4 Be4 62. Kb5 Bf3 63. Kc4 Be4 64. Kd4 Bf3 65. Ke5 Be2 66. Kf5 Bg4+ 67. Kg5 Bd1 68. Kf6 Bg4 69. Ke7 Bd1 70.
Ke6 Bg4+ 71. Kd5 Bd1 72. Nc4 Bf3+ 73. Kd4 Bxc6 74. Ne5 Ba4 75. Ke3 Bd1 76. Kf4 Be2 77. Kg5 Bd1 78. Ng6 Kc6 79. Nf4 Kxc5 80. Nxh5 Kd6 81.
Nf6 Ke6 82. Ng4 Bxg4 83. Kxg4 Kf6 84. Kh5 Kg7 85. Kg5 Kh7 86. h5 Kg7 87. h6+ Kh7 88. Kh5 Kh8 89. Kg6 Kg8 90. h7+ Kh8 91. Kh6 1/2-1/2

[Event "Early-Titled-Tuesday-Blitz-November-28-2023"]
[Site "Chess.com"]
[Date "2023.11.28"]
[Round "3"]
[White "wonderfultime"]
[Black "Witik"]
[Result "1-0"]
[WhiteElo "3072"]
[BlackElo "2796"]
[TimeControl "180+1"]
[EndTime "8:31:04 PST"]
[Termination "wonderfultime won on time"]

1. d4 Nf6 2. c4 g6 3. Nf3 Bg7 4. g3 c6 5. Bg2 d5 6. cxd5 cxd5 7. O-O O-O 8. Ne5 e6 9. Nc3 Nfd7 10. Nf3 Nc6 11. b3 b6 12. Ba3 Re8 13. Rc1 Bb7 14. Nb5 Bf8 15. Nd6 Qb8 16. Nb5 Bxa3 17. Nxa3 a6 18. Qd2 Qd6 19. Nb1 Rac8 20. Nc3 b5 21. h4 Ne7 22. e3 Rc7 23. Ne2 Rec8 24. Rxc7 Rxc7 25. Rc1 Rxc1+ 26. Nxc1 Qc7 27. Nd3 a5 28. a3 Nc6 29. Bf1 Qd6 30. b4 axb4 31. axb4 Ba6 32.
Qa2 Bc8 33. Qb3 Nb6 34. Nc5 Nc4 35. Qa2 Nxb4 36. Qb3 Na6 37. Qxb5 Nc7 38. Qb8 Nb6 39. Ba6 Nb5 40. Qxd6 Nxd6 41. Bd3 h6 42. Ne5 Kf8 43.
g4 g5 44. hxg5 hxg5 45. f4 f6 46. Nf3 Nf7 47. Kf2 Ke7 48. Bg6 Nh6 49. Bh5 gxf4 50. exf4 Nc4 51. g5 Nf5 52. Bg4 Ncd6 53. Nd3 Ne4+ 54.
Kg2 Ba6 55. Nc5 Be2 56. Bxf5 exf5 57. g6 Kf8 58. Nh4 Bg4 59. Ne6+ Kg8 60. Nf3 Nd6 61. Ne1 Ne8 62. Nd3 Ng7 63. Nc7 Nh5 64. Ne6 Ng7 65.
Ndc5 Nxe6 66. Nxe6 Bh5 67. Nc7 Bxg6 68. Nxd5 Kf7 69. Kf3 Ke6 70. Ne3 Bh5+ 71. Kf2 Bg6 72. Ke1 Kd6 73. Kd2 Ke6 74. Kc3 Bh5 75. Kc4 Bf3 76.
Kc5 Be4 77. d5+ Kd7 78. Nc4 Bf3 79. Nb6+ Ke7 80. Kc6 Be4 81. Kc7 1-0